 Dungeon Crawl Stone Soup version 0.20-a0-1116-gaa52201 (webtiles) character file.

1470 grindst0ne the Skirmisher (level 8, -2/68 HPs)
             Began as a Demonspawn Gladiator on May 7, 2017.
             Was a Believer of Okawaru.
             Slain by a wyvern zombie (3 damage)
             ... on level 6 of the Dungeon.
             The game lasted 00:17:49 (7614 turns).

grindst0ne the Skirmisher (Demonspawn Gladiator)    Turns: 7614, Time: 00:17:50

Health: -2/68      AC:  4    Str: 19    XL:     8   Next: 49%
Magic:  8/8        EV: 13    Int:  9    God:    Okawaru [**....]
Gold:   357        SH:  0    Dex: 20    Spells: 7/7 levels left

rFire    . . .     SeeInvis .   a - +1 quarterstaff
rCold    . . .     Gourm    .   (shield currently unavailable)
rNeg     . . .     Faith    .   b - +0 leather armour
rPois    +         Spirit   .   (helmet restricted)
rElec    .         Reflect  .   (no cloak)
rCorr    .         Harm     .   (no gloves)
MR       .....                  (no boots)
Stlth    ++........             (no amulet)
Regen    0.0/turn               I - +1 ring of slaying
MPRegen  0.2/turn               F - +5 ring of dexterity

@: no status effects
A: antennae 2, demonic guardian 1, poison resistance, shaggy fur 1, inhibited
regeneration, strong 1
a: Heroism, Renounce Religion


You were on level 6 of the Dungeon.
You worshipped Okawaru.
Okawaru was pleased with you.
You were hungry.

You visited 1 branch of the dungeon, and saw 6 of its levels.
You also visited: Sewer.

You collected 411 gold pieces.
You spent 54 gold pieces at shops.

Inventory:

Hand Weapons
 a - a +1 quarterstaff (weapon)
Missiles
 d - 3 throwing nets (quivered)
 l - 2 silver tomahawks
 t - 2 javelins
Armour
 b - a +0 leather armour (worn)
 c - a +0 helmet
 s - a +0 plate armour
Jewellery
 j - an uncursed ring of see invisible
 r - a +3 ring of dexterity
 u - an uncursed ring of stealth
 F - a +5 ring of dexterity (right hand)
 I - a +1 ring of slaying (left hand)
Scrolls
 e - 5 scrolls of remove curse
 g - 4 scrolls of blinking
 h - 4 scrolls of enchant weapon
 i - 2 scrolls of random uselessness
 p - 3 scrolls of fog
 q - a scroll of teleportation
 w - 2 scrolls of magic mapping
 A - a scroll of identify
 E - a scroll of immolation
Potions
 n - 3 potions of magic
 o - 4 potions of haste
 v - a potion of agility
 x - 3 potions of heal wounds {unknown}
 z - a potion of brilliance
 B - 2 potions of cancellation {unknown}
 C - a potion of resistance
 G - a potion of curing
 H - a potion of flight {unknown}
Books
 k - a book of Geomancy

   Spells                             Type                      Level
   a - Sandblast                      Earth                        1
   b - Passwall                       Transmutation/Earth          2
   c - Stone Arrow                    Conjuration/Earth            3
   d - Petrify                        Transmutation/Earth          4
   e - Lee's Rapid Deconstruction     Earth                        5
 y - a book of Minor Magic

   Spells                             Type                      Level
   a - Magic Dart                     Conjuration                  1
   b - Blink                          Translocation                2
   c - Call Imp                       Summoning                    2
   d - Slow                           Hexes                        2
   e - Conjure Flame                  Conjuration/Fire             3
   f - Mephitic Cloud                 Conjuration/Poison/Air       3
 D - a book of Frost

   Spells                             Type                      Level
   a - Freeze                         Ice                          1
   b - Throw Frost                    Conjuration/Ice              2
   c - Ozocubu's Armour               Charms/Ice                   3
   d - Throw Icicle                   Conjuration/Ice              4
   e - Summon Ice Beast               Ice/Summoning                4
Comestibles
 f - 5 bread rations
 m - 4 meat rations


   Skills:
 + Level 7.7 Fighting
 + Level 7.3 Staves
 - Level 1.7 Throwing
 - Level 2.8 Dodging


You had 7 spell levels left.
You didn't know any spells.

Dungeon Overview and Level Annotations

Branches:
Dungeon (6/15)             Temple (0/1) D:6

Altars:
Dithmenos
Okawaru
Trog
Vehumet
Wu Jian
Xom

Shops:
D:5 *


Innate Abilities, Weirdness & Mutations

You have a pair of antennae on your head.
A weak demonic guardian rushes to your aid.
Your system is resistant to poisons. (rPois)
You are covered in fur. (AC +1)
You do not regenerate when monsters are visible.
Your muscles are strong. (Str +2)


Message History

Your ufetubus barely misses the wyvern zombie.
The wyvern zombie closely misses your ufetubus.
Your ufetubus hits the wyvern zombie but does no damage.
Your ufetubus hits the wyvern zombie.
You swap places.
The wyvern zombie barely misses you.
You hit the wyvern zombie.
The wyvern zombie is heavily damaged.
The wyvern zombie bites you!
* * * LOW HITPOINT WARNING * * *
Your ufetubus hits the wyvern zombie. x2
Your ufetubus hits the wyvern zombie.
Your ufetubus completely misses the wyvern zombie.
The wyvern zombie bites you!
* * * LOW HITPOINT WARNING * * *
The crimson imp blinks!
Your ufetubus hits the wyvern zombie.
Your ufetubus hits the wyvern zombie but does no damage.
The crimson imp lashes its tail.
The wyvern zombie bites you.
You die...

#.#.........###
#.#..⌠...⌠..###.
#.............#.#
###.........#...#
##.##.##.####.#
#.##.##.# #.#
#.##.##.####.######..#
#..........#.........#
##.#######@#5.######.#
#.# #Z#.{######. #.#
#...........
#####.#########5.#######
####................#
.........##########.#
####.##### #.# .....#
#.# ###### #.#


You could see a crimson imp and a wyvern zombie.

Vanquished Creatures
  2 ice beasts
  A phantom (D:6)
  2 sky beasts
  An ogre (D:6)
  3 bullfrogs (D:6)
  A scorpion (D:5)
  A howler monkey (D:5)
  A vampire bat (D:3)
  2 crimson imps
  A hound (D:6)
  2 jellies
  6 worker ants
  9 adders
  5 river rats (Sewer)
  4 oozes
  2 worms
  A dart slug (D:2)
  3 fire bats (D:3)
  7 leopard geckos
  12 orcs
  2 spectral bats (D:3)
  5 ball pythons
  13 bats
  3 bat skeletons (D:3)
  A bat zombie (D:3)
  8 giant cockroaches
  17 goblins
  6 hobgoblins
  6 jackals (D:5)
  7 kobolds
  2 quokkas
  A bat simulacrum (D:3)
  13 frilled lizards
  A leopard gecko skeleton (D:5)
  19 rats
170 creatures vanquished.

Notes
Turn   | Place    | Note
-------+----------+-------------------------------------------
     0 | D:1      | grindst0ne the Demonspawn Gladiator began the quest for the Orb.
     0 | D:1      | Reached XP level 1. HP: 16/16 MP: 1/1
   192 | D:1      | Gained mutation: You have a pair of small antennae on your head. [demonic ancestry]
   192 | D:1      | Reached XP level 2. HP: 22/22 MP: 2/2
  1098 | D:2      | Reached XP level 3. HP: 26/28 MP: 3/3
  1552 | D:2      | Found an iron altar of Okawaru.
  1580 | D:2      | Became a worshipper of Warmaster Okawaru
  1819 | D:2      | Reached XP level 4. HP: 29/35 MP: 4/4
  1969 | D:3      | Found an ornate altar of the Wu Jian Council.
  2352 | D:3      | Reached XP level 5. HP: 40/42 MP: 5/5
  2832 | D:3      | Reached XP level 6. HP: 36/49 MP: 6/6
  3379 | D:3      | Gained mutation: You expend magic power (3 MP) to strengthen your wands. [potion of mutation]
  3379 | D:3      | Gained mutation: Your spells are a little harder to cast, but a little more powerful. [potion of mutation]
  3380 | D:3      | Lost mutation: Your spells are a little harder to cast, but a little more powerful. [potion of mutation]
  3380 | D:3      | Lost mutation: You expend magic power (3 MP) to strengthen your wands. [potion of mutation]
  3380 | D:3      | Gained mutation: You tend to lose your temper in combat. [potion of mutation]
  3380 | D:3      | Gained mutation: You have large cloven feet. [potion of mutation]
  3532 | D:4      | Found a glowing drain.
  3757 | Sewer    | Entered a sewer
  3944 | Sewer    | Reached skill level 5 in Staves
  4416 | Sewer    | Reached skill level 5 in Fighting
  4737 | D:4      | Noticed a sky beast
  4748 | D:4      | Killed a sky beast
  4748 | D:4      | Reached * piety under Okawaru
  4753 | D:4      | Gained mutation: Your muscles are strong. (Str +2) [mutagenic meat]
  4929 | D:4      | Gained mutation: You have a pair of antennae on your head. [demonic ancestry]
  4929 | D:4      | Reached XP level 7. HP: 55/56 MP: 7/7
  5054 | D:4      | Found a shadowy altar of Dithmenos.
  5275 | D:5      | Entered Level 5 of the Dungeon
  5350 | D:5      | Found Riatef's Assorted Antiques.
  5375 | D:5      | Bought a scroll labeled ROWOOF MABEID for 27 gold pieces
  5375 | D:5      | Bought a scroll labeled EMOURH CUYZI for 27 gold pieces
  5710 | D:5      | Lost mutation: You have large cloven feet. [potion of mutation]
  5710 | D:5      | Lost mutation: You tend to lose your temper in combat. [potion of mutation]
  5710 | D:5      | Gained mutation: Your system is resistant to poisons. (rPois) [potion of mutation]
  5710 | D:5      | Gained mutation: You do not regenerate when monsters are visible. [potion of mutation]
  5710 | D:5      | Gained mutation: You are covered in fur. (AC +1) [potion of mutation]
  6450 | D:6      | Found a radiant altar of Vehumet.
  6604 | D:6      | Found a staircase to the Ecumenical Temple.
  6655 | D:6      | Gained mutation: A weak demonic guardian rushes to your aid. [demonic ancestry]
  6655 | D:6      | Reached XP level 8. HP: 55/65 MP: 8/8
  7010 | D:6      | Reached ** piety under Okawaru
  7372 | D:6      | Found a shimmering altar of Xom.
  7372 | D:6      | Found a bloodstained altar of Trog.
  7611 | D:6      | HP: 1/68 [wyvern zombie (13)]
  7614 | D:6      | Slain by a wyvern zombie

Vault maps used:
D:1:      dpeg_arrival_concentric_ovals, serial_glass, glass_columns_a,
          glass_columns_c
D:2:      okawaru_gym_becter, kennysheep_generic_room_5
D:3:      lemuel_coloured_pillars_altar, first_bread, goddamned_bats
D:4:      nicolae_dithmenos_shadow_blocks, portal_sewer_entry_e
D:5:      serial_shops, nicolae_shop_overgrown_old_shop,
          kennysheep_small_spiral, grunt_ministairs_14
D:6:      marbit_many_paths, gammafunk_temple_overflow_elements,
          minmay_temple_entry_large_hall, kennysheep_generic_room_6
Sewer:    sewer_co_cracked_pipes

Skill      XL: |  1  2  3  4  5  6  7  8 |
---------------+-------------------------+-----
Staves         | 3 4 5 6 7 |  7.3
Fighting       | 3 4 5 6 7 |  7.7
Throwing       | |  1.7
Dodging        | |  2.8

Action                   |  1- 3 |  4- 6 |  7- 9 || total
-------------------------+-------+-------+-------++-------
Melee: Quarterstaff      |   112 |   280 |   157 ||   549
       Kick              |       |    24 |    19 ||    43
  Use: Potion            |       |     6 |     1 ||     7
       Scroll            |       |    10 |     6 ||    16
 Stab: Sleeping          |       |     3 |     1 ||     4
  Eat: Chunk             |     3 |    11 |     8 ||    22
Armor: Leather armour    |    33 |   111 |    17 ||   161
Dodge: Dodged            |    71 |   319 |    91 ||   481
